 Dungeon Sprint DCSS version 0.30-a0-528-g8c47a4955b (webtiles) character file.

Game seed: 15837909810972363958

2760 rocky1 the Carver (level 9, -6/74 HPs)
             Began as a Demonspawn Gladiator on Dec 24, 2022.
             Was an Initiate of Gozag.
             Mangled by an unseen horror (10 damage)
             ... in the Dungeon (Sprint III: "The Ten Rune Challenge").
             The game lasted 00:06:22 (1922 turns).

rocky1 the Carver (Demonspawn Gladiator)            Turns: 1922, Time: 00:06:22

Health: -6/74      AC:  5    Str: 15    XL:     9   Next: 41%
Magic:  9/9        EV: 16    Int: 12    God:    Gozag
Gold:   1207       SH:  4    Dex: 18    Spells: 8/8 levels left

rFire   . . .      SeeInvis .    a - +0 long sword
rCold   . . .      Faith    .    (no shield)
rNeg    . . .      Spirit   .    b - +0 leather armour
rPois   .          Reflect  .    c - +0 helmet
rElec   .          Harm     .    (no cloak)
rCorr   .          Rampage  .    (no gloves)
Will    .....      NoTele   +    (no boots)
Stlth   +                        (no amulet)
HPRegen 0.32/turn                (no ring)
MPRegen 0.11/turn                (no ring)

@: no status effects
A: demonic guardian 2, big brain 1, condensation shield
a: Renounce Religion, Potion Petition, Call Merchant, Bribe Branch


You were in the Dungeon.
You worshipped Gozag.
Gozag was most pleased with you.
You visited 1 branch You collected 1207 gold pieces.

Inventory:

Hand Weapons
 a - a +0 long sword (weapon)
Missiles
 d - a throwing net
 e - a javelin
Armour
 b - a +0 leather armour (worn)
 c - a +0 helmet (worn)
Wands
 j - a wand of flame (17) (quivered)
Scrolls
 k - a scroll of blinking
 l - a scroll of amnesia {unknown}
 n - a scroll of torment {unknown}
 o - a scroll of enchant armour {unknown}
 q - a scroll of immolation {unknown}
 r - a scroll of poison {unknown}
Potions
 f - 2 potions of curing
 g - 2 potions of heal wounds
 i - 2 potions of magic
 m - 3 potions of mutation {unknown}
 p - 3 potions of flight
 s - 2 potions of resistance {unknown}


   Skills:
 + Level 7.8 Fighting
 + Level 14.9 Long Blades
 - Level 1.7 Throwing
 + Level 6.7 Armour
 + Level 7.4 Dodging
 + Level 7.4 Evocations


You had 8 spell levels left.
You didn't know any spells.
Your spell library contained the following spells:

 Spells                   Type           Power      Damage    Failure   Level
 Summon Small Mammal      Summ           0%         N/A       36%         1
 Call Canine Familiar     Summ           0%         N/A       75%         3
 Summon Guardian Golem    Hex/Summ       0%         N/A       75%         3


Dungeon Overview and Level Annotations

Branches:
Dungeon (1/1)

Altars:
Cheibriados
Dithmenos
Fedhas
Gozag
Hepliaklqana
Kikubaaqudgha
Makhleb
Nemelex Xobeh
Okawaru
Qazlal
Ru
Sif Muna
Trog
Uskayaw
Vehumet
Wu Jian
Xom
Yredelemnul
Jiyva
Lugonu


Innate Abilities, Weirdness & Mutations

A demonic guardian rushes to your aid.
You have an unusually large brain. (Int +2)
A meltable shield of frost defends you. (SH +4)


Message History

a +0 shortbow; a +0 shortbow Something barely misses you.
Something hits you!
* * * LOW HITPOINT WARNING * * *
A demonic guardian appears!
There is an open door, spattered with blood here.
You swap places.
Something hits your rust devil.
Things that are here:
a +0 shortbow; a +0 shortbow Something barely misses your rust devil.
Something hits your rust devil. What are your orders? t - Shout!
Orders for allies: a - Attack new target. r - Retreat! s - Stop attacking. g - Guard the area. f - Follow me.
Anything else - Cancel.
Guard this area!
Something closely misses your rust devil.
You swap places.
Something closely misses you.
There is an open door, spattered with blood here.
You swap places.
Something hits your hellwing.
Something hits your hellwing but does no damage.
Something barely misses your hellwing.
Things that are here:
a +0 shortbow; a +0 shortbow You swap places.
Something hits you.
* * * LOW HITPOINT WARNING * * *
A demonic guardian appears!
Something hits your hellwing but does no damage.
Your hellwing closely misses something. x2
You swap places.
Your rust devil disappears in a puff of smoke!
Something hits you.
* * * LOW HITPOINT WARNING * * *
Something hits your hellwing.
You slash something! Something hits you.
* * * LOW HITPOINT WARNING * * *
Something hits you!
You die...
Your body crumbles into a pile of gold. #__)#._# $ #'###)##$ .......# $ $ .......#$ $ $ ######'#$ $ $$$$

#__#...#+#####################
#__#...#..~~~+.#)4)..+.#.#.#.+
#__#...#.#§§§#.#{#...##.#.#.##
#__#...'.#§§§#.#@#...#.#.#.#.#
#__'...#.#...#.4.#...##.#.#.#
▓▓▓▓▓▓▓▓▓▓▓▓▓▓▓▓▓▓▓▓▓#.#.#.#
##.#.#.# +.#.#.#.# ##.#.#.##
#+##### $$


You could see a friendly orange demon (summoned) and a friendly hellwing
(summoned, wandering).

Vanquished Creatures
  Josephine (D)
  A centaur warrior (D)
  A deep elf pyromancer (D)
  A shadow (D)
  A spatial vortex (D)
  2 centaurs (D)
  An earth elemental (D)
  A scorpion (D)
  A necrophage (D)
  A water elemental (D)
  A jelly (D)
  Jessica (D)
  A wizard (D)
  A necromancer (D)
  A human (D)
  A kobold demonologist (D)
  3 rats (D)
20 creatures vanquished.

Vanquished Creatures (collateral kills)
  2 humans (D)
2 creatures vanquished.

Grand Total: 22 creatures vanquished

Notes
Turn   | Place    | Note
-------+----------+-------------------------------------------
     0 | D        | rocky1 the Demonspawn Gladiator began the quest for the
                  | Orb.
     0 | D        | Reached XP level 1. HP: 16/16 MP: 1/1
     4 | D        | Reached skill level 3 in Long Blades
    11 | D        | Noticed Jessica
    14 | D        | Killed Jessica
    15 | D        | Reached skill level 6 in Long Blades
    15 | D        | Gained mutation: A weak demonic guardian rushes to your
                  | aid. [demonic ancestry]
    15 | D        | Reached XP level 2. HP: 9/22 MP: 2/2
   108 | D        | Reached XP level 3. HP: 19/27 MP: 3/3
   254 | D        | Noticed a scorpion
   265 | D        | Killed a scorpion
   266 | D        | Reached skill level 8 in Long Blades
   266 | D        | Gained mutation: A meltable shield of frost defends you.
                  | (SH +4) [demonic ancestry]
   266 | D        | Reached XP level 4. HP: 33/33 MP: 4/4
   396 | D        | Noticed a water elemental
   404 | D        | Killed a water elemental
   405 | D        | Reached skill level 10 in Long Blades
   405 | D        | Reached XP level 5. HP: 38/38 MP: 5/5
   447 | D        | Noticed a shadow
   459 | D        | Killed a shadow
   460 | D        | Reached skill level 12 in Long Blades
   460 | D        | Gained mutation: A demonic guardian rushes to your aid.
                  | [demonic ancestry]
   460 | D        | Reached XP level 6. HP: 44/44 MP: 6/6
   565 | D        | Found a blossoming altar of Fedhas.
   565 | D        | Found a stormy altar of Qazlal.
   565 | D        | Found a snail-covered altar of Cheibriados.
   565 | D        | Found a burning altar of Makhleb.
   565 | D        | Found a shimmering altar of Xom.
   566 | D        | Found a hazy altar of Hepliaklqana.
   566 | D        | Found an opulent altar of Gozag.
   566 | D        | Found a sparkling altar of Nemelex Xobeh.
   566 | D        | Found a corrupted altar of Lugonu.
   566 | D        | Found a viscous altar of Jiyva.
   566 | D        | Noticed a spatial vortex
   570 | D        | Became a worshipper of Gozag Ym Sagoz the Greedy
   586 | D        | Found a basalt altar of Yredelemnul.
   586 | D        | Found a shadowy altar of Dithmenos.
   586 | D        | Found a sacrificial altar of Ru.
   594 | D        | Reached skill level 13 in Long Blades
   627 | D        | Found a radiant altar of Vehumet.
   627 | D        | Found a shimmering blue altar of Sif Muna.
   627 | D        | Found an ancient bone altar of Kikubaaqudgha.
   665 | D        | Found a hide-covered altar of Uskayaw.
   665 | D        | Found an iron altar of Okawaru.
   665 | D        | Found a bloodstained altar of Trog.
   665 | D        | Found an ornate altar of the Wu Jian Council.
   665 | D        | Noticed a human
   665 | D        | Noticed a human
   688 | D        | Killed a human
   689 | D        | Reached XP level 7. HP: 23/52 MP: 7/7
   697 | D        | Killed a human
   884 | D        | Noticed a deep elf pyromancer
   892 | D        | Noticed a fire elemental
   892 | D        | Killed a deep elf pyromancer
   893 | D        | Reached skill level 5 in Fighting
   893 | D        | Reached skill level 14 in Long Blades
   893 | D        | Reached skill level 5 in Dodging
   893 | D        | Reached XP level 8. HP: 37/62 MP: 8/8
   993 | D        | Noticed Josephine
  1008 | D        | Killed Josephine
  1009 | D        | Reached skill level 5 in Armour
  1186 | D        | Gained mutation: You have an unusually large brain. (Int
                  | +2) [demonic ancestry]
  1186 | D        | Reached XP level 9. HP: 20/71 MP: 9/9
  1458 | D        | Noticed a centaur warrior
  1471 | D        | Killed a centaur warrior
  1922 | D        | Mangled by an unseen horror

Illustrated notes

Levels and vault maps discovered:
D:        dungeon_sprint_mu [sprint_mu_entry_forest, sprint_mu_temple_rooms,
          sprint_mu_d1_horrors, sprint_mu_d2_genie, sprint_mu_d3_branching,
          sprint_mu_orc_legion, sprint_mu_elf_gauntlet, sprint_mu_hive_nellie,
          sprint_mu_lair_fedhas, sprint_mu_vaults_butterflies,
          sprint_mu_slime_circle, sprint_mu_swamp_cave, sprint_mu_shoals_kraken,
          sprint_mu_blade_basic, sprint_mu_crypt_fortress,
          sprint_mu_tomb_spiral, sprint_mu_vestibule_basic,
          sprint_mu_gehenna_hellfire, sprint_mu_dis_giant,
          sprint_mu_tartarus_statrot, sprint_mu_cocytus_islands, sprint_mu_zot1]

Skill      XL: |  1  2  3  4  5  6  7  8  9 |
---------------+----------------------------+-----
Long Blades    | 6 8 10 12 13 14 | 14.9
Fighting       | 3 5 6 7 |  7.8
Armour         | 2 4 5 6 |  6.7
Dodging        | 3 5 6 7 |  7.4
Evocations     | 2 4 6 7 |  7.4
Throwing       | |  1.7

Action                   |  1- 3 |  4- 6 |  7- 9 || total
-------------------------+-------+-------+-------++-------
Melee: Long sword        |    23 |    48 |   109 ||   180
       Punch             |       |       |     3 ||     3
Throw: Throwing net      |     3 |       |       ||     3
Evoke: Wand              |       |       |     2 ||     2
  Use: Potion            |       |     3 |       ||     3
 Stab: Distracted        |       |       |     2 ||     2
Armor: Leather armour    |     1 |     1 |    20 ||    22
Dodge: Dodged            |    10 |    21 |    48 ||    79
Block: Other             |       |     6 |    10 ||    16

Table legend: (Time is in decaauts)
 A = Elapsed time spent in this place.
 B = Non-inter-level travel time spent in this place.
 C = Inter-level travel time spent in this place.
 D = Time resting spent in this place.
 E = Time spent auto-exploring this place.
 F = Levels seen in this place.
 G = Mean time per level.
                   A        B        C        D        E       F      G
               +--------+--------+--------+--------+--------+-----+--------+
         Total |   1886 |   1882 |      4 |   1317 |      4 |   1 | 1886.0 |
       Dungeon |   1886 |   1882 |      4 |   1317 |      4 |   1 | 1886.0 |
               +--------+--------+--------+--------+--------+-----+--------+

Top non-repeatable levels by time:
       D: 1886 daAuts
